 Dungeon Crawl Stone Soup version 0.22-b1-26-g9dbaab1 (webtiles) character file.

511 goulibeur the Distorting Demonspawn (level 6, -19/49 HPs)
             Began as a Demonspawn Abyssal Knight on Aug 6, 2018.
             Was a Believer of Lugonu.
             Demolished by an ogre
             ... wielding a +0 giant spiked club
              (20 damage)
             ... on level 4 of the Dungeon.
             The game lasted 00:11:35 (4474 turns).

goulibeur the Distorting Demonspawn (DsAK)          Turns: 4474, Time: 00:11:36

Health: -19/49     AC: 16    Str: 12    XL:     6   Next: 99%
Magic:  10/10      EV:  3    Int: 14    God:    Lugonu [**....]
Gold:   213        SH:  3    Dex: 14    Spells: 5/5 levels left

rFire    + + +     SeeInvis .   v - +4 spear
rCold    . . .     Gourm    .   B - -4 shield "Vohoq" {rElec rF++ rCorr} (curse)
rNeg     . . .     Faith    .   x - +0 chain mail
rPois    .         Spirit   .   u - +0 helmet
rElec    +         Reflect  .   (no cloak)
rCorr    +         Harm     .   (no gloves)
MR       .....                  (no boots)
Stlth    ..........             (no amulet)
HPRegen  0.16/turn              (no ring)
MPRegen  0.12/turn              (no ring)

@: sanguine armour
A: fire resistance 1, sanguine armour 1
a: Depart the Abyss, Bend Space, Renounce Religion


You were on level 4 of the Dungeon.
You worshipped Lugonu.
Lugonu was pleased with you.
You were not hungry.

You visited 1 branch of the dungeon, and saw 4 of its levels.
You visited the Abyss 1 time.

You collected 213 gold pieces.

Inventory:

Hand Weapons
 a - a +1 short sword
 f - a +2 whip of pain
 j - a +0 short sword of venom
 v - a +4 spear (weapon)
 C - a +1 spear of freezing
Armour
 b - a +0 leather armour
 g - a +0 ring mail
 u - a +0 helmet (worn)
 x - a +0 chain mail (worn)
 B - the cursed -4 shield "Vohoq" (worn) {rElec rF++ rCorr}
   (You found it on level 4 of the Dungeon)

   It greatly protects you from fire.
   It insulates you from electricity.
   It provides partial protection from all sources of acid and corrosion.
   It has a curse placed upon it.
Wands
 y - a wand of acid (5)
Scrolls
 d - 10 scrolls of identify {unknown}
 k - 3 scrolls of remove curse {unknown}
 l - a scroll of immolation {unknown}
 m - a scroll of noise {unknown}
 o - a scroll of random uselessness {unknown}
 t - a scroll of enchant weapon {unknown}
 w - a scroll of amnesia {unknown}
 z - 3 scrolls of teleportation {unknown}
Potions
 e - a potion of mutation {unknown}
 h - a potion of cancellation {unknown}
 i - a potion of flight {unknown}
 n - 2 potions of curing {unknown}
 p - a potion of heal wounds {unknown}
 q - 2 potions of berserk rage {unknown}
 r - a potion of might {unknown}
 s - a potion of haste {unknown}
 A - 2 potions of agility {unknown}
Comestibles
 c - 11 rations
 D - 2 chunks of flesh


   Skills:
 + Level 4.4 Fighting
 - Level 1.7 Short Blades
 + Level 3.4 Armour
 + Level 2.9 Dodging
 + Level 0.6 Shields
 * Level 6.4 Invocations


You had 5 spell levels left.
You didn't know any spells.
Your spell library was empty.

Dungeon Overview and Level Annotations

Branches:
Dungeon (4/15)
 Temple: D:4-7

Altars:
Sif Muna
Yredelemnul


Innate Abilities, Weirdness & Mutations

Your flesh is heat resistant. (rF+)
When seriously injured, your bleeding wounds create armour. (AC +6)


Message History

Found a stone staircase leading up.
Found an escape hatch in the floor.
An ogre comes into view. It is wielding a giant spiked club.
The ogre shouts!
You hit the ogre.
The ogre is lightly wounded.
The ogre hits you with a giant spiked club!
You hit the ogre.
The ogre is moderately wounded.
The ogre hits you with a giant spiked club!!
* * * LOW HITPOINT WARNING * * *
Your blood congeals into armour.
You hit the ogre.
The ogre is heavily wounded.
The ogre hits you with a giant spiked club!
* * * LOW HITPOINT WARNING * * *
Your shield and chain mail prevent you from hitting the ogre.
The ogre is heavily wounded.
The ogre hits you with a giant spiked club!!
You die...

..## ##.## #.. #..####
##.. #.....###...
##..#........
#..#####.....
##...######...
##########.............
#......................
#....O@................
##.....................
#.....................
##............<.......
#..............(.....
##...>........#######
#............# #
#............


You could see an ogre.

Vanquished Creatures
  A centaur (D:4)
  A howler monkey (D:4)
  A hound (D:4)
  4 orc wizards
  An orc priest (D:3)
  A bullfrog skeleton (D:4)
  A worker ant (D:4)
  4 gnolls
  An adder (D:2)
  2 oozes
  3 worms
  A dart slug (D:1)
  3 leopard geckos
  11 orcs
  2 ball pythons
  5 bats
  5 giant cockroaches
  7 goblins
  7 hobgoblins
  6 jackals
  A quokka (D:3)
  6 frilled lizards
  15 kobolds
  2 leopard gecko skeletons (D:4)
  A quokka skeleton (D:4)
  4 rats
96 creatures vanquished.

Notes
Turn   | Place    | Note
-------+----------+-------------------------------------------
     0 | Abyss:1  | goulibeur the Demonspawn Abyssal Knight began the quest for the Orb.
     0 | Abyss:1  | Reached XP level 1. HP: 18/18 MP: 2/2
    35 | Abyss:1  | Noticed a sixfirhy
    36 | D:1      | Escaped the Abyss
    63 | D:1      | Reached skill level 1 in Dodging
   217 | D:1      | Reached skill level 3 in Invocations
   217 | D:1      | Gained mutation: Your flesh is heat resistant. (rF+) [demonic ancestry]
   217 | D:1      | Reached XP level 2. HP: 21/24 MP: 2/4
   504 | D:1      | Reached * piety under Lugonu
   710 | D:1      | You fall through a shaft!
   732 | D:2      | Reached XP level 3. HP: 29/29 MP: 5/5
   980 | D:2      | Found a basalt altar of Yredelemnul.
  1731 | D:2      | Reached skill level 4 in Invocations
  1736 | D:2      | Reached XP level 4. HP: 4/35 MP: 5/7
  2676 | D:3      | Gained mutation: When seriously injured, your bleeding wounds create armour. (AC +6) [demonic ancestry]
  2676 | D:3      | Reached XP level 5. HP: 29/42 MP: 8/8
  3151 | D:3      | Reached skill level 5 in Invocations
  3247 | D:3      | Reached ** piety under Lugonu
  3696 | D:4      | Reached XP level 6. HP: 47/48 MP: 10/10
  3711 | D:4      | Found a deep blue altar of Sif Muna.
  3904 | D:4      | Reached skill level 6 in Invocations
  4157 | D:4      | Got a slimy shield
  4163 | D:4      | Identified the cursed -4 shield "Vohoq" {rElec rF++ rCorr} (You found it on level 4 of the Dungeon)
  4473 | D:4      | HP: 1/49 [ogre/giant spiked club (11)]
  4474 | D:4      | Demolished by an ogre

Skill      XL: |  1  2  3  4  5  6 |
---------------+-------------------+-----
Dodging        | 1 2 |  2.9
Invocations    | 3 4 5 6 |  6.4
Armour         | 2 3 |  3.4
Fighting       | 4 |  4.4
Short Blades   | |  1.7
Shields        | |  0.6

Action                   |  1- 3 |  4- 6 || total
-------------------------+-------+-------++-------
Melee: Short sword       |    59 |       ||    59
       Whip              |    86 |    10 ||    96
       Spear             |       |   235 ||   235
Invok: Depart the Abyss  |     1 |       ||     1
  Eat: Chunk             |     2 |    10 ||    12
Armor: Ring mail         |    47 |     1 ||    48
       Chain mail        |       |   259 ||   259
Dodge: Dodged            |    84 |   118 ||   202
Block: Shield            |       |    11 ||    11
